[Event "*** Titled Tuesday Blitz"]
[Site "Chess.com"]
[Date "2021.03.02"]
[Round "6"]
[White "Das_Virus_2020"]
[Black "ApoIogiA"]
[Result "1-0"]
[WhiteElo "2450"]
[BlackElo "2201"]
[TimeControl "180+1"]
[EndTime "11:07:52 PST"]
[Termination "Das_Virus_2020 won by resignation"]

1. e4 c5 2. c3 Nf6 3. e5 Nd5 4. d4 cxd4 5. cxd4 Nc6 6. Nf3 d6 7. Bc4 Nb6 8. Bb3 dxe5 9. d5 Nd4 10. Nxd4 exd4 11. Qxd4 e6 12. Nc3 exd5 13. O-O Be6 14. Re1 Be7 15. Qxg7 Bf6 16. Qg3 Qd7 17. Bf4 Bxc3 18. Qxc3 Rg8 19. Bg3 Rc8 20. Qf6 Qe7 21. Qh6 Qg5 22. Qxh7 Nc4 23. Ba4+ Kf8 24. b3 Rg7 25. Qh8+ Rg8 26. Qh7 Rg7 27. Qb1 Nd2 28. Qd3 Ne4 29. Rad1 Rc3 30. Qd4 Kg8 31. Bb5 Rc5 32.
Bf1 Rc8 33. Be5 Rh7 34. f3 Nc5 35. Bg3 Nd7 36. Qf2 Nf6 37. Bd3 Nh5 38. Bxh7+ Kxh7 39. Re5 Qg6 40. Re2 Rg8 41. Rde1 Nf6 42. Qd4 Nh5 43.
Qh4 Kg7 44. Re5 Kf8 45. Rxh5 Qd3 46. Rhe5 Qd4+ 47. Qxd4 1-0

[Event "*** Titled Tuesday Blitz"]
[Site "Chess.com"]
[Date "2021.03.02"]
[Round "6"]
[White "Lovkov_Roman"]
[Black "PSvidler"]
[Result "0-1"]
[WhiteElo "2712"]
[BlackElo "2917"]
[TimeControl "180+1"]
[EndTime "11:07:53 PST"]
[Termination "PSvidler won by resignation"]

1. e4 c5 2. d4 cxd4 3. c3 dxc3 4. Nxc3 Nc6 5. Nf3 e6 6. Bc4 a6 7. O-O Bb4 8. Qc2 Nge7 9. Rd1 O-O 10. h4 h6 11. e5 Ng6 12. Qe4 Bxc3 13. bxc3 Qa5 14. Re1 Ncxe5 15. Nxe5 d5 16. Qd4 dxc4 17. Nxg6 fxg6 18.
Re5 Qd8 19. Be3 Qxd4 20. Bxd4 Bd7 21. a4 b5 22. a5 Rf5 23. Rae1 Kf7 24. f3 Rc8 25. Kf2 Rc6 26. g4 Rxe5 27. Rxe5 Rd6 28. Rc5 Bc6 29. Be5 Rd2+ 30. Ke1 Rd5 31. Rxc6 Rxe5+ 32. Kf2 Rd5 33. Rxa6 Rd3 34. Rb6 Rxc3 35. Rxb5 Rb3 36.
Rc5 c3 37. a6 Ra3 38. a7 Rxa7 39. Rxc3 Kf6 40. Kg3 g5 41. hxg5+ Kxg5 42. Rc5+ Kf6 43.
Rb5 Ra3 44. Rc5 g6 45. Rb5 e5 46. Kg2 h5 47. gxh5 gxh5 48. Rb4 Kf5 49. Rh4 Kg5 50. Re4 Ra5 51. Kg3 Rd5 52. Rh4 Rd4 53. Rh1 h4+ 54.
Kh3 Kf4 55. Re1 Rd3 56. Kxh4 Rxf3 57. Re2 e4 58. Re1 Rf2 59. Kh3 e3 60. Ra1 Kf3 61. Ra3 Rb2 62. Rc3 Kf2 63. Rc8 e2 64. Rf8+ Ke1 65.
Kg2 Kd1 66. Rd8+ Rd2 0-1

[Event "*** Titled Tuesday Blitz"]
[Site "Chess.com"]
[Date "2021.03.02"]
[Round "6"]
[White "shaheus"]
[Black "j_coca"]
[Result "0-1"]
[WhiteElo "2427"]
[BlackElo "2329"]
[TimeControl "180+1"]
[EndTime "11:07:53 PST"]
[Termination "j_coca won on time"]

1. e4 Nf6 2. e5 Nd5 3. Nc3 Nxc3 4. bxc3 d5 5. g3 d4 6. Bb2 dxc3 7. Bxc3 Be6 8. Bg2 Bd5 9. Nf3 Nc6 10. O-O e6 11. d3 Ba3 12. Qe2 b6 13. Bd2 Ne7 14.
c4 Bb7 15. Bc3 a5 16. Rab1 O-O 17. Rfd1 Ng6 18. d4 Qe7 19. h4 Rfd8 20. Rb3 a4 21.
Rbb1 Rd7 22. Qe3 Rad8 23. Rd3 Qf8 24. h5 Nh8 25. Ng5 Bxg2 26. Kxg2 Be7 27. Ne4 f5 28. exf6 Bxf6 29. Rbd1 Nf7 30. Nxf6+ gxf6 31. d5 e5 32. Qf3 Qh6 33. Bd2 Qg7 34. Be3 Nd6 35. Rc3 f5 36. c5 bxc5 37. Bxc5 Ne4 38. Rc4 Rf7 39. Rxa4 Nxc5 40. Rc4 Ne4 41. Rc6 Ng5 42. Qb3 f4 43.
d6 cxd6 44. Rcxd6 Rf8 45. Rd7 Kh8 46. h6 Qg6 47. Rxf7 Qxf7 48. Qxf7 Nxf7 49. Rd5 Re8 0-1

[Event "*** Titled Tuesday Blitz"]
[Site "Chess.com"]
[Date "2021.03.02"]
[Round "6"]
[White "UmutErdemGunduz"]
[Black "Frogo47"]
[Result "1-0"]
[WhiteElo "2373"]
[BlackElo "2518"]
[TimeControl "180+1"]
[EndTime "11:07:54 PST"]
[Termination "UmutErdemGunduz won by resignation"]

1. e4 c5 2. Nf3 d6 3. d4 cxd4 4. Nxd4 Nf6 5. f3 e5 6. Nb3 a5 7.
a4 Be6 8. c4 Nc6 9. Be3 Be7 10.
Nc3 O-O 11. Nd5 Nb4 12. Nxb4 axb4 13. Nc1 Nd7 14. Be2 f5 15. exf5 Rxf5 16. O-O Bg5 17. Bf2 Nc5 18. Nd3 Nxd3 19. Bxd3 Rf7 20. b3 d5 21. Qc2 dxc4 22. Bxc4 Rc8 23. Rad1 Qf8 24. Rfe1 Bf6 25. Re4 Kh8 26. Qe2 Bxc4 27. Rxc4 Rfc7 28. Rdc1 Rxc4 29. Rxc4 Rd8 30. g3 h5 31. Kg2 Qf7 32. Qc2 h4 33. Rc7 Qh5 34. Qe4 h3+ 35. Kf1 Rd1+ 36. Ke2 Rd8 37. Rxb7 Qh6 38. Be3 Qh7 39.
Qxh7+ Kxh7 40. Rxb4 Ra8 41. Rb5 Kg6 42. f4 exf4 43. Bxf4 Rc8 44. Kf3 Rc3+ 45. Kg4 Rc2 46. Kxh3 Ra2 47. a5 Kf7 48. Bc7 Ke6 49. b4 g5 50. Rb6+ Kf5 51. g4+ Kg6 52. Be5 Ra3+ 53. Kg2 Ra2+ 54. Kf1 1-0

[Event "*** Titled Tuesday Blitz"]
[Site "Chess.com"]
[Date "2021.03.02"]
[Round "6"]
[White "JulianProleiko"]
[Black "ViktoriyaTarasova"]
[Result "1-0"]
[WhiteElo "2421"]
[BlackElo "2284"]
[TimeControl "180+1"]
[EndTime "11:07:54 PST"]
[Termination "JulianProleiko won by checkmate"]

1. e4 e5 2. Nf3 Nc6 3. Bb5 Nf6 4. O-O Nxe4 5. Re1 Nd6 6. Nxe5 Nxe5 7. Rxe5+ Be7 8. Bf1 O-O 9. Nc3 Ne8 10. Nd5 Bd6 11. Re1 c6 12. Ne3 Bc7 13. Nf5 d5 14.
Ne7+ Kh8 15. Nxc8 Rxc8 16. d3 Nf6 17. g3 Qd7 18. Qf3 Rce8 19. Bg5 Rxe1 20. Rxe1 Re8 21.
Re3 Rxe3 22. fxe3 Qe6 23. Kg2 h6 24. Bxf6 Qxf6 25. Qxf6 gxf6 26. d4 b6 27. Ba6 c5 28.
Bb7 cxd4 29. exd4 Kg7 30. Bxd5 Kf8 31. Kf3 Ke7 32. Ke4 Bd6 33. Kf5 Bb4 34. c3 Bd6 35. Kg4 Kf8 36. Bb3 Kg7 37. Kf5 h5 38. Ke4 h4 39. gxh4 Bxh2 40. Kd5 Bg3 41. h5 Kh6 42. Bd1 f5 43. Kc6 Kg7 44. d5 Kf8 45. d6 Ke8 46. h6 Kd8 47. h7 Be5 48. Bf3 f4 49. Kd5 Bh8 50. Bg4 f5 51. Bxf5 f3 52. Bh3 f2 53. Kc6 Be5 54. a4 Bh8 55. Kb7 f1=Q 56. Bxf1 Kd7 57. Kxa7 Kxd6 58. Kxb6 Kd7 59. a5 Kc8 60. a6 Kb8 61. a7+ Ka8 62. Bg2# 1-0

[Event "*** Titled Tuesday Blitz"]
[Site "Chess.com"]
[Date "2021.03.02"]
[Round "6"]
[White "jens1102"]
[Black "davidkalashian"]
[Result "0-1"]
[WhiteElo "2422"]
[BlackElo "2585"]
[TimeControl "180+1"]
[EndTime "11:07:56 PST"]
[Termination "davidkalashian won by resignation"]

1. c4 Nf6 2. Nc3 e6 3. e4 d5 4. cxd5 exd5 5. e5 Ne4 6. d4 Nc6 7. Nf3 Be7 8. Bd3 Nxc3 9. bxc3 Bg4 10. Qb3 Rb8 11. Bf4 Bh5 12. O-O Bg6 13. c4 Bxd3 14.
Qxd3 Nb4 15. Qb3 dxc4 16. Qxc4 Nd5 17. Bg3 O-O 18. Rfe1 b5 19. Qc2 Rb6 20. Rac1 h6 21. e6 Rxe6 22. Rxe6 fxe6 23. Bxc7 Qe8 24. Be5 Bf6 25.
Qc6 Qf7 26. Bxf6 Qxf6 27. Qd6 Nf4 28. Re1 Qg6 29. g3 Nh3+ 30. Kg2 Nf4+ 31. Kf1 Qd3+ 32. Kg1 Qxf3 33. gxf4 Rxf4 34. Qxe6+ Kh7 35. Qe3 Rg4+ 36. Kf1 Qg2+ 37. Ke2 Re4 38. Rd1 Rxe3+ 39. Kxe3 Qg5+ 40. f4 Qd8 41. d5 Kg6 42. d6 Kf6 43. d7 b4 44. Ke4 a5 45. Rd6+ Ke7 46. Kd5 a4 47. Re6+ Kf7 48. Kd6 b3 49. Re8 Qxe8 50. dxe8=Q+ Kxe8 51. axb3 axb3 0-1

[Event "*** Titled Tuesday Blitz"]
[Site "Chess.com"]
[Date "2021.03.02"]
[Round "6"]
[White "schondeln"]
[Black "SimplyDevina"]
[Result "1-0"]
[WhiteElo "2398"]
[BlackElo "2185"]
[TimeControl "180+1"]
[EndTime "11:07:56 PST"]
[Termination "schondeln won by resignation"]

1. e4 d5 2. exd5 Qxd5 3. Nc3 Qa5 4. Bc4 Nf6 5. Nge2 c6 6. O-O Bf5 7. Ng3 Bg4 8. Qe1 Nbd7 9. d3 e6 10. Bd2 Qc7 11. f3 Bh5 12. f4 Bc5+ 13. Kh1 O-O-O 14. Nxh5 Nxh5 15. f5 exf5 16. Rxf5 Nhf6 17. Bxf7 Rhf8 18. Be6 Bd6 19. Qh4 Kb8 20. Raf1 g6 21. R5f2 Nh5 22. Rxf8 Rxf8 23. Rxf8+ Nxf8 24. Bg4 Ng7 25. Qf6 Qe7 26.
Qxe7 Bxe7 27. Ne4 Nfe6 28. c3 Kc7 29. d4 h5 30. Be2 b6 31. Bd3 g5 32. Kg1 c5 33. d5 Nf4 34. Bc4 Nf5 35. g3 Nh3+ 36. Kg2 g4 37. a4 Nd6 38. Nxd6 Kxd6 39. Bd3 Bg5 40. Be1 Kxd5 41. Bg6 h4 42. gxh4 Nf4+ 43.
Kg3 Nxg6 44. hxg5 Ne5 45. Kg2 Nf3 46. Bg3 Nxg5 47. Bb8 a6 48. Kg3 Ne4+ 49. Kxg4 Kc4 50.
h4 Kb3 51. Kf5 Ng3+ 52. Bxg3 Kxb2 53. Be5 Kb3 54. h5 Kxa4 55. h6 b5 56. h7 b4 57.
cxb4 cxb4 58. h8=Q a5 59. Ke4 Ka3 60. Kd3 a4 61.
Bd6 Kb3 62. Qg8+ Ka3 63. Bxb4+ Kxb4 64. Qa2 1-0

[Event "*** Titled Tuesday Blitz"]
[Site "Chess.com"]
[Date "2021.03.02"]
[Round "6"]
[White "Nozdrachev_Leonid"]
[Black "lamomiablanca"]
[Result "0-1"]
[WhiteElo "2545"]
[BlackElo "2372"]
[TimeControl "180+1"]
[EndTime "11:07:57 PST"]
[Termination "lamomiablanca won on time"]

1. e4 c5 2. c3 Nf6 3. e5 Nd5 4. d4 cxd4 5. Nf3 Nc6 6. cxd4 d6 7. Bc4 Nb6 8. Bb5 dxe5 9. Nxe5 Bd7 10. Nxd7 Qxd7 11.
Nc3 e6 12. O-O Rd8 13. Re1 Be7 14. Be3 O-O 15. a4 Bf6 16. Rc1 a6 17. Bxc6 Qxc6 18. a5 Nd5 19. Ne4 Qb5 20. Nxf6+ Nxf6 21. Rc5 Qxc5 22.
dxc5 Rxd1 23. Rxd1 Nd5 24. Kf1 Rc8 25. b4 Kf8 26. Bd2 Ke8 27. Ke2 Rd8 28. Rc1 Kd7 29. Rc4 g6 30. Rh4 h5 31. g4 hxg4 32. Rxg4 Kc6 33. Rh4 Rd7 34. Rg4 Kb5 35. h4 Ne7 36.
Be3 Nc6 37. Bd2 e5 38. f4 Rd4 39. Bc3 Rc4 40. Bd2 exf4 41. Rg5 Nxb4 42. h5 gxh5 43. c6+ Kxc6 44. Rxh5 Nd5 45. Rf5 f6 46. Rh5 Re4+ 47. Kd3 Ra4 48. Rh8 Ra3+ 49. Kc2 f3 50. Kd1 Ra2 51.
Rc8+ Kd7 52. Rc5 Kd6 53. Rc4 f2 54. Rd4 f1=Q+ 0-1

[Event "*** Titled Tuesday Blitz"]
[Site "Chess.com"]
[Date "2021.03.02"]
[Round "6"]
[White "ridnani2021"]
[Black "bogcsab"]
[Result "0-1"]
[WhiteElo "2349"]
[BlackElo "2166"]
[TimeControl "180+1"]
[EndTime "11:07:57 PST"]
[Termination "bogcsab won by resignation"]

1. e4 d6 2. d4 Nf6 3. Nc3 a6 4. Nf3 b5 5. a3 Bb7 6. Bd3 Nbd7 7.
O-O e5 8. dxe5 dxe5 9. h3 Be7 10. Be3 O-O 11. Qe2 c5 12. b3 Qc7 13. a4 b4 14.
Nd1 Nxe4 15. Bxe4 Bxe4 16. Nb2 Bb7 17. Rfd1 Rfd8 18. a5 Nf8 19. Nc4 f6 20. Nh4 Ne6 21.
Nf5 Nd4 22. Qg4 Bf8 23. Bxd4 cxd4 24. Rd3 Bc8 25. Qf3 Bb7 26. Qg4 g6 27. Ng3 Re8 28.
f3 Kh8 29. Rad1 Bg7 30. h4 Qc8 31. Qxc8 Raxc8 32. Nd6 Re7 33. Nxc8 Bxc8 34. h5 f5 35. hxg6 hxg6 36. Kf2 Bb7 37. R3d2 Kg8 38. Rd3 Kf7 39. R3d2 Rd7 40. Rd3 e4 41. fxe4 fxe4 42. Nxe4 Bxe4 43. Rh3 Bf5 44. Rf3 Ke6 45. Re1+ Kd5 46. Rg3 Rf7 47.
Kg1 Bxc2 48. Re8 Bf5 49. Ra8 Rf6 50. Rd8+ Ke4 51. Rf3 Bh6 52. Rf1 Be3+ 53. Kh2 Re6 54. Ra8 d3 55. Rd8 d2 56. Rd1 Bf4+ 57. g3 Be3 58.
R8xd2 Bxd2 59. Rxd2 Ke3 60. Rd8 Bc2 61. Rb8 Re4 62.
Rb6 Bd3 63. Rxg6 Rh4+ 64. gxh4 Bxg6 65. Kg3 Bh5 66. Kg2 Kd3 67. Kg3 Kc3 68. Kf4 Bd1 69. Kg5 Kxb3 70. h5 Bxh5 71. Kxh5 Ka4 72. Kg5 Kxa5 73.
Kf4 Ka4 74. Ke3 Kb3 75. Kd2 Kb2 76. Kd3 b3 77. Kc4 Kc2 0-1

[Event "*** Titled Tuesday Blitz"]
[Site "Chess.com"]
[Date "2021.03.02"]
[Round "6"]
[White "shnitez"]
[Black "andrzej"]
[Result "0-1"]
[WhiteElo "2498"]
[BlackElo "2357"]
[TimeControl "180+1"]
[EndTime "11:07:59 PST"]
[Termination "andrzej won by checkmate"]

1. c4 c5 2. Nc3 g6 3. Nf3 Bg7 4. e3 Nf6 5. d4 cxd4 6. exd4 d5 7. c5 Bg4 8. Bb5+ Nc6 9. Qa4 O-O 10. Bxc6 bxc6 11. Ne5 Bd7 12. O-O Qc7 13. Re1 Ng4 14. Bf4 Nxe5 15. Bxe5 Bxe5 16. Rxe5 Rae8 17. Rae1 e6 18.
Qd1 f6 19. R5e3 e5 20. Ne2 e4 21. f4 exf3 22. Rxf3 Bg4 23. Rf2 Re4 24. h3 Bxe2 25.
Rfxe2 f5 26. b4 a6 27. a4 Qg7 28. Rxe4 fxe4 29. Qd2 Qf6 30. Qe3 Kg7 31. Rb1 h5 32.
Kh2 Qf2 33. Qxf2 Rxf2 34. b5 axb5 35. axb5 cxb5 36. Rxb5 Rc2 37. Rb7+ Kf6 38. Rd7 e3 39. Rxd5 e2 40. Re5 Rd2 41. c6 Rxd4 42. Rxe2 Rc4 43.
Rf2+ Kg5 44. g3 Rxc6 45. h4+ Kh6 46. Kh3 Rc4 47. Rf7 Ra4 48. Re7 Ra6 49. Rd7 g5 50. hxg5+ Kxg5 51. Rd5+ Kg6 52. Kh4 Re6 53. Rg5+ Kf6 54.
Kxh5 Re1 55. Rg6+ Kf5 56. Rb6 Rh1# 0-1

[Event "*** Titled Tuesday Blitz"]
[Site "Chess.com"]
[Date "2021.03.02"]
[Round "6"]
[White "Vasily85"]
[Black "klimkoj"]
[Result "0-1"]
[WhiteElo "2463"]
[BlackElo "2600"]
[TimeControl "180+1"]
[EndTime "11:08:00 PST"]
[Termination "klimkoj won by resignation"]

1. d4 Nf6 2. Bg5 d5 3. Bxf6 gxf6 4. e3 c5 5. dxc5 e6 6. Nf3 Bxc5 7. Be2 O-O 8. O-O b6 9. c4 dxc4 10. Bxc4 Bb7 11.
Nc3 Nc6 12. Qe2 Qe7 13. Rfd1 Ne5 14. Nxe5 fxe5 15. a3 Qg5 16. g3 Qf5 17. Bd3 Qf3 18. Qxf3 Bxf3 19. Be4 Bxd1 20. Bxa8 Bb3 21. Bf3 Rd8 22. Bd1 Bc4 23. Rc1 Be7 24. Rc2 Bb3 25. Rc1 Bc4 26. Rc2 Kg7 27. Bf3 Bb3 28. Re2 Rc8 29.
Rd2 Bxa3 30. bxa3 Rxc3 31. Rd7 Ba4 32. Rxa7 Rxa3 33. h4 Ra1+ 34. Kh2 Ra2 35. Kg1 Ra1+ 36. Kh2 Ra2 37. Kg1 Bb3 38. Rb7 Ra1+ 39. Kh2 Ra2 40.
Kg1 Ra1+ 41. Kh2 Rf1 42. Kg2 Rc1 43. Rxb6 Bc4 44. Rb7 Kg6 45. Be4+ f5 46. Bf3 e4 47. h5+ Kh6 48. Re7 exf3+ 49. Kxf3 Bd5+ 50. Kf4 Rf1 51. Ke5 Rxf2 0-1

[Event "*** Titled Tuesday Blitz"]
[Site "Chess.com"]
[Date "2021.03.02"]
[Round "6"]
[White "Piotrek1979"]
[Black "Shuvalov"]
[Result "0-1"]
[WhiteElo "2364"]
[BlackElo "2541"]
[TimeControl "180+1"]
[EndTime "11:08:00 PST"]
[Termination "Shuvalov won by resignation"]

1. Nf3 d5 2. g3 Nf6 3. Bg2 c6 4. O-O Bf5 5. d3 e6 6. Nbd2 h6 7. b3 Be7 8. Bb2 O-O 9. Ne5 Bh7 10. e4 a5 11. a4 Na6 12. Qe2 Nb4 13. Rac1 Bc5 14. Rfd1 Qc7 15. c3 Na6 16. d4 Be7 17. f4 c5 18. exd5 exd5 19. Ndf3 Be4 20.
h3 Qb6 21. Nd2 cxd4 22. cxd4 Bxg2 23. Kxg2 Nb4 24. Nd7 Nxd7 25. Qxe7 Nf6 26. Qc5 Qe6 27. Re1 Qf5 28. Re3 Rfc8 29. Qb5 Rc2 30. Rxc2 Qxc2 31. Bc3 Ne4 32. Bxb4 axb4 33. Qe2 Nxd2 34. Rd3 Rc8 35.
Rxd2 Qxb3 36. Qg4 Qc3 37. Re2 b3 38. h4 b2 39. Qd7 b1=Q 40. h5 Qcc2 41. Rxc2 Qxc2+ 42. Kh3 Rf8 43. Qxd5 Qxa4 44. g4 b5 45. Kh4 b4 46. g5 b3 47. g6 Qa7 48. f5 Qe7+ 49. Kg4 b2 50. Kf4 Qg5+ 51. Ke4 Qe7+ 52. Kf4 b1=Q 53.
Qxf7+ Qxf7 54. gxf7+ Rxf7 0-1

[Event "*** Titled Tuesday Blitz"]
[Site "Chess.com"]
[Date "2021.03.02"]
[Round "6"]
[White "FontVella8"]
[Black "andrewtnb"]
[Result "1/2-1/2"]
[WhiteElo "2485"]
[BlackElo "2323"]
[TimeControl "180+1"]
[EndTime "11:08:01 PST"]
[Termination "Game drawn by repetition"]

1. d4 d5 2. Bf4 e6 3. e3 c6 4. c3 f5 5. Nf3 Nf6 6. Ne5 Nbd7 7. Nd2 Nxe5 8. Bxe5 Be7 9. Nf3 O-O 10.
h3 Bd7 11. Bd3 Be8 12. Bxf6 Bxf6 13. Ne5 c5 14. f4 cxd4 15. exd4 Bxe5 16. fxe5 Qh4+ 17.
Kf1 f4 18. Qe1 Qg3 19. Be2 Bg6 20. Qxg3 fxg3+ 21. Bf3 Rf4 22. Ke2 Raf8 23. Rhf1 Be4 24. Bxe4 Rxe4+ 25. Kd2 Ref4 26. Ke2 Rf2+ 27. Rxf2 Rxf2+ 28.
Ke3 Rxb2 29. Kf3 Rc2 30. Rb1 Rxc3+ 31. Ke2 b6 32. a4 Rc4 33. a5 bxa5 34. Rb8+ Kf7 35. Rb7+ Kg6 36. Rxa7 a4 37. Ke3 h5 38.
h4 Kf5 39. Rf7+ Kg6 40. Ra7 Rc3+ 41. Kf4 Rd3 42. Rxa4 Kh6 43. Rb4 g5+ 44. hxg5+ Kg6 45. Ra4 h4 46. Kg4 Rd2 47. Kxh4 Kf5 48. Kxg3 Kxg5 49.
Kf3 Kf5 50. g4+ Kg5 51. Rb4 Rd1 52. Ra4 Rd2 53. Rb4 Rd1 54. Ra4 Rd2 1/2-1/2

[Event "*** Titled Tuesday Blitz"]
[Site "Chess.com"]
[Date "2021.03.02"]
[Round "6"]
[White "muchojogo"]
[Black "enriquetejedor"]
[Result "1-0"]
[WhiteElo "2363"]
[BlackElo "2514"]
[TimeControl "180+1"]
[EndTime "11:08:01 PST"]
[Termination "muchojogo won on time"]

1. e4 c6 2. d4 g6 3. Nd2 Bg7 4. c3 d5 5. Ngf3 dxe4 6. Nxe4 Nf6 7. Nxf6+ exf6 8. Bc4 O-O 9. O-O Nd7 10. Re1 Nb6 11. Bb3 a5 12. a4 Re8 13. Bf4 Bg4 14.
Rxe8+ Qxe8 15. h3 Be6 16. Bc7 Nd5 17. Bg3 Bf8 18. Bc4 Qd7 19. Qb3 Re8 20. Re1 Rd8 21.
Nd2 f5 22. Nf3 f6 23. Bc7 Rc8 24. Bxa5 Bf7 25. Bb6 Bd6 26. a5 g5 27. Bc5 g4 28.
hxg4 fxg4 29. Nh4 Bxc5 30. dxc5 Re8 31. Rxe8+ Qxe8 32. Qxb7 Qe1+ 33. Bf1 Kg7 34. Nf5+ Kg6 35. Nd6 Be6 36. Qxc6 g3 37. Qe8+ Kg5 38. fxg3 Ne3 39. Ne4+ Kf5 40. g4+ Ke5 41. Ng3 Nxf1 42. Nxf1 Kf4 43.
Qb8+ Kg5 44. Qg3 Qb1 45. Qe3+ Kg6 46. Qxe6 Qxb2 47. Qf5+ Kg7 48. c6 Qxc3 49. Qf3 Qc5+ 50. Kh2 Qxa5 51. Ng3 Qe5 52. Kh3 h5 53. Nxh5+ Kh7 54.
Qxf6 Qe3+ 55. Kh4 Qe1+ 56. Kh3 1-0

[Event "*** Titled Tuesday Blitz"]
[Site "Chess.com"]
[Date "2021.03.02"]
[Round "6"]
[White "frazier69"]
[Black "TeukkaSalama"]
[Result "1-0"]
[WhiteElo "2568"]
[BlackElo "2377"]
[TimeControl "180+1"]
[EndTime "11:08:02 PST"]
[Termination "frazier69 won by resignation"]

1. e4 e6 2. d4 d5 3. Nc3 Bb4 4. e5 c5 5. a3 Bxc3+ 6. bxc3 Qa5 7.
Bd2 Qa4 8. h4 Nc6 9. Nf3 Bd7 10.
h5 h6 11. Rh4 Nge7 12. Rg4 Rg8 13. Qb1 c4 14. Be2 O-O-O 15. Nh4 b6 16. f4 f6 17. Rg3 fxe5 18. fxe5 Rdf8 19. Qd1 Rf7 20. Rf3 Rgf8 21. Kf2 Kc7 22. Kg1 Be8 23. Rxf7 Rxf7 24. Bg4 Nd8 25. Rc1 Nf5 26. Nxf5 exf5 27. Bf3 Bc6 28.
e6 Nxe6 29. Qe1 Kd7 30. Qe5 Qa5 31. Re1 Re7 32. Bf4 Qxa3 33. Bxd5 Bxd5 34. Qxd5+ Ke8 35.
Rxe6 Rxe6 36. Qxe6+ Kd8 37. Qd6+ Qxd6 38. Bxd6 Ke8 39.
Kf2 b5 40. Kf3 Kf7 41. Kf4 g6 42. Bb4 Kf6 43. hxg6 Kxg6 44. d5 Kf6 45. d6 Ke6 46. d7 Kxd7 47. Kxf5 Kc6 48. Kg6 Kb6 49. Kxh6 a5 50.
Ba3 Kc6 51. g4 Kd5 52. g5 Ke4 53. g6 Ke3 54. g7 b4 55. Bxb4 axb4 56. cxb4 Kd2 57.
g8=Q c3 58. b5 Kxc2 59. Qc4 1-0

[Event "*** Titled Tuesday Blitz"]
[Site "Chess.com"]
[Date "2021.03.02"]
[Round "6"]
[White "Lyschko"]
[Black "szachuspl"]
[Result "0-1"]
[WhiteElo "2211"]
[BlackElo "2480"]
[TimeControl "180+1"]
[EndTime "11:08:02 PST"]
[Termination "szachuspl won on time"]

1. c4 Nf6 2. Nc3 e5 3. Nf3 Nc6 4. e3 Bb4 5. Qc2 O-O 6. Nd5 Be7 7. a3 d6 8. b4 Nxd5 9. cxd5 Nb8 10. d4 exd4 11.
Nxd4 c5 12. dxc6 Nxc6 13. Nxc6 bxc6 14. Bd3 h6 15. Bb2 Bd7 16. O-O a5 17. Rad1 axb4 18. axb4 Qb6 19. Bc3 Rfb8 20. Rb1 Be6 21. Bd4 Qb7 22. Qc3 Bf8 23. f4 Ra2 24. Be4 d5 25. Bd3 Bxb4 26. Qb3 Raa8 27. Bc5 Bxc5 28. Qxb7 Rxb7 29.
Rxb7 Bxe3+ 30. Kh1 g6 31. h3 Ra3 32. f5 Rxd3 33.
fxe6 fxe6 34. Ra1 Bc5 35. Ra8+ Bf8 36. Rbb8 Rd1+ 37. Kh2 Rf1 38. Rc8 c5 39. Rxc5 d4 40.
Rc6 e5 41. Rxg6+ Kf7 42. Rc6 Be7 43. Ra7 Rf6 44. Rcc7 Re6 45. Kg1 e4 46. Kf1 d3 47.
Ke1 Ke8 48. Ra8+ Kf7 49. Ra4 Kf6 50. Rb7 Kf5 51. Rb5+ Kf4 52. Rh5 Bg5 0-1

[Event "*** Titled Tuesday Blitz"]
[Site "Chess.com"]
[Date "2021.03.02"]
[Round "6"]
[White "DinaBelenkaya"]
[Black "The_Machine04"]
[Result "1-0"]
[WhiteElo "2312"]
[BlackElo "2416"]
[TimeControl "180+1"]
[EndTime "11:08:03 PST"]
[Termination "DinaBelenkaya won on time"]

1. e4 d6 2. d4 Nf6 3. Nc3 e5 4.
Nf3 Nbd7 5. Bc4 Be7 6. O-O c6 7. a4 h6 8. a5 Qc7 9. Qe2 Nf8 10.
h3 g5 11. Rd1 Ng6 12. dxe5 dxe5 13. Nh2 Nf4 14. Bxf4 gxf4 15. Kh1 Rg8 16. Rd3 h5 17. a6 b5 18. Bb3 Rb8 19. Qd1 Bc5 20. Qe2 Rh8 21. Nb1 Qe7 22. Nd2 Ng4 23. Rf3 Qh4 24. Rf1 Bd7 25. Qd3 Rd8 26. Qc3 Bd4 27. Qb4 c5 28. Qa5 c4 29. Bxc4 bxc4 30. Nxc4 Qe7 31. Rb3 Nxh2 32. Kxh2 Qc5 33. Qxc5 Bxc5 34. Nxe5 Be6 35.
Rb7 Kf8 36. Nd3 Bb6 37. f3 Rd7 38. Rb8+ Kg7 39. Rxh8 Kxh8 40. Nxf4 Bc7 41. g3 Rd2+ 42. Kh1 Bxf4 43. gxf4 Rxc2 44. Rb1 Ba2 45. Rd1 Rxb2 46. Rd7 Bc4 47. Rxa7 Ra2 48. Rc7 Be2 49. a7 Bxf3+ 50.
Kg1 Kg7 51. e5 1-0

[Event "*** Titled Tuesday Blitz"]
[Site "Chess.com"]
[Date "2021.03.02"]
[Round "6"]
[White "ShahMatKanal"]
[Black "TST2014"]
[Result "0-1"]
[WhiteElo "2496"]
[BlackElo "2629"]
[TimeControl "180+1"]
[EndTime "11:08:05 PST"]
[Termination "TST2014 won by checkmate"]

1. d4 Nf6 2. Nf3 d6 3. c4 g6 4.
Nc3 Bg7 5. e4 O-O 6. Be2 e5 7.
d5 a5 8. O-O Na6 9. Qc2 Bd7 10.
Ne1 Nc5 11. Bg5 h6 12. Be3 Ng4 13. Bxc5 dxc5 14. h3 Nf6 15. Nd3 Qe7 16. Nb5 Rac8 17.
Bf3 Ne8 18. Rfe1 b6 19. b3 Nd6 20. a4 f5 21. Nc3 f4 22. Bg4 Bxg4 23. hxg4 f3 24.
Re3 fxg2 25. Kxg2 Qg5 26. Rg3 Rf4 27. f3 Rcf8 28. Qe2 Qe7 29. Rh1 Nf7 30. Qe3 Ng5 31. Ne1 Qf6 32. Ne2 c6 33. Qd3 cxd5 34.
cxd5 Qd6 35. Nc3 Qf6 36. Nb5 Kh7 37. Nc3 Qd8 38. Ne2 R4f7 39. Rh2 Kg8 40. Qd2 Ne6 41. Qd3 Nf4+ 42. Nxf4 exf4 43. Rgh3 Qf6 44. Nc2 Qb2 45. Kh1 Re7 46. Rg2 Rc8 47. Rg1 Rec7 48. Rh2 c4 49. bxc4 Rxc4 50. Ne1 Qb4 51. d6 Rd4 52.
Qe2 Qxd6 53. g5 h5 54. Qg2 Rd1 55. Qh3 Rcc1 56. Ng2 Rxg1# 0-1

[Event "*** Titled Tuesday Blitz"]
[Site "Chess.com"]
[Date "2021.03.02"]
[Round "6"]
[White "Parhamov"]
[Black "shrek4life02"]
[Result "0-1"]
[WhiteElo "2879"]
[BlackElo "2753"]
[TimeControl "180+1"]
[EndTime "11:08:06 PST"]
[Termination "shrek4life02 won on time"]

1. c4 c6 2. Nf3 d5 3. b3 Nf6 4.
Bb2 g6 5. g3 Bg7 6. Bg2 O-O 7.
O-O Nbd7 8. Qc2 Nb6 9. a4 Bf5 10. d3 a5 11. h3 h5 12. Nbd2 Rc8 13. Rfe1 Ne8 14. e4 dxe4 15. dxe4 Bd7 16. Rad1 c5 17. Bxg7 Nxg7 18. e5 Bf5 19. Qc3 Qd3 20. Qxa5 Rc6 21.
Rc1 Ne6 22. Nh4 Ra8 23. Qc3 Rc7 24. Nxf5 Qxf5 25. Nf3 Rd8 26. a5 Nc8 27. Rcd1 Rcd7 28. Nh4 Qg5 29. Rd5 Na7 30. Red1 Nd4 31. Qe3 Qxe3 32.
fxe3 Rxd5 33. cxd5 Nxb3 34. a6 bxa6 35. Bf1 Nb5 36.
e4 Kf8 37. Rd3 c4 38. Rf3 Nd2 39. Rf2 Nxe4 40. Rf4 Nxg3 41. Bxc4 g5 42. Ng6+ Kg7 43. Rf3 Kxg6 44. Rxg3 Kf5 45. Re3 Kf4 46. Kf2 g4 47. hxg4 hxg4 48. Rb3 Kxe5 49. Kg3 f5 0-1

[Event "*** Titled Tuesday Blitz"]
[Site "Chess.com"]
[Date "2021.03.02"]
[Round "6"]
[White "AwareIdea"]
[Black "PetrolulSah"]
[Result "1-0"]
[WhiteElo "2443"]
[BlackElo "2187"]
[TimeControl "180+1"]
[EndTime "11:08:06 PST"]
[Termination "AwareIdea won on time"]

1. d4 Nf6 2. c4 g6 3. Nc3 d5 4. Bg5 Ne4 5. Bh4 Nxc3 6. bxc3 c5 7. e3 Bg7 8. cxd5 Qxd5 9. Nf3 cxd4 10. cxd4 Nc6 11.
Be2 e5 12. O-O exd4 13. Nxd4 Nxd4 14. exd4 Qxd4 15. Bb5+ Kf8 16. Qxd4 Bxd4 17. Rad1 Bb2 18. Rd2 Bc3 19. Rd3 Ba5 20. Bf6 Rg8 21. Bd7 g5 22. Rc1 Bxd7 23. Rxd7 Rg6 24. Be7+ Kg7 25. Rxb7 Bb6 26. g3 g4 27. Kg2 Re8 28. Rc2 Re6 29. Bc5 Bxc5 30. Rxc5 Ra6 31. Rf5 Rf6 32. Rxf6 Kxf6 33. Rxa7 Re1 34. Ra4 h5 35. Ra5 Kg6 36. a4 Ra1 37. h3 f5 38. h4 Kf6 39. Ra6+ Kg7 40. a5 Ra2 41. Ra7+ Kg6 42. Ra6+ Kg7 43. Kf1 Rb2 44. Rb6 Ra2 45. a6 Kf7 46. Rb7+ Kg6 47.
a7 Kf6 48. Rh7 Kg6 49. Rb7 Kf6 50. Ke1 Ke6 51. Kd1 Kd6 52. Kc1 Kc6 53. Rh7 1-0

[Event "*** Titled Tuesday Blitz"]
[Site "Chess.com"]
[Date "2021.03.02"]
[Round "6"]
[White "jefferyx"]
[Black "Fy_Rakotomaharo"]
[Result "1-0"]
[WhiteElo "3019"]
[BlackElo "2748"]
[TimeControl "180+1"]
[EndTime "11:08:08 PST"]
[Termination "jefferyx won on time"]

1. d4 Nf6 2. Nf3 g6 3. Nbd2 Bg7 4. e4 d6 5. Bd3 O-O 6. O-O Nc6 7.
c3 Nh5 8. Nc4 Bg4 9. Be2 Nf6 10.
h3 Bxf3 11. Bxf3 e5 12. dxe5 dxe5 13. Qb3 Rb8 14. Bg5 h6 15. Bh4 b5 16. Ne3 Qd6 17.
Rad1 Qc5 18. Bxf6 Bxf6 19. Rd7 Na5 20. Qd5 Qxd5 21. Nxd5 Bd8 22. Rd1 c6 23. Ne3 Bb6 24. Ng4 Kg7 25. Nxe5 Nc4 26. Nxc4 bxc4 27. R1d2 Rfe8 28.
g3 Re5 29. Kf1 Rb5 30. Be2 Rc5 31. R7d4 Re8 32. Bxc4 Re7 33. Bb3 Rce5 34. Rc4 Rxe4 35.
Rxc6 Re1+ 36. Kg2 Rb1 37. Rc4 h5 38. h4 Rbe1 39. Rf4 Bc7 40. Rf3 Bb6 41. Bc4 R1e5 42. b4 a5 43. a3 Re1 44. Bd5 Ra1 45. c4 Bc7 46. c5 Be5 47. Re2 axb4 48. axb4 f6 49. b5 Rb1 50. b6 Kf8 51. Rc2 Bd4 52.
Ra3 Ree1 53. Ra8+ Kg7 54. b7 Kh6 55. b8=Q Rg1+ 56. Kh2 1-0